 Seeded DCSS version 0.29-a0-1033-gb6c65ffae6 (webtiles) character file.

Game seed: 4365790799575394022 (custom seed)

13655 purpskrrrp the Covert (level 12, 0/62 HPs)
             Began as a Vine Stalker Enchanter on Aug 15, 2022.
             Was a Plaything of Xom.
             Slain by a seven-headed hydra (5 damage)
             ... on level 1 of the Lair of Beasts.
             The game lasted 00:54:05 (10817 turns).

purpskrrrp the Covert (Vine Stalker Enchanter)     Turns: 10817, Time: 00:54:07

Health: 0/62       AC: 15    Str: 11    XL:     12   Next: 8%
Magic:  0/16       EV: 18    Int: 19    God:    Xom [......]
Gold:   246        SH:  0    Dex: 15    Spells: 15/15 levels left

rFire   + + +      SeeInvis .   k - +11 dagger of Exoneration {chaos, rElec}
rCold   . . .      Faith    .   (no shield)
rNeg    . . .      Spirit   +   y - +1 acid dragon scales
rPois   +          Reflect  .   D - +1 helmet of the Evening Star {rPois rF+++ Dex-3 Stlth+}
rElec   +          Harm     .   G - +1 cloak "Ososidd" {Will++}
rCorr   +          Rampage  .   w - +2 pair of gloves
Will    +++..                   I - +2 pair of boots
Stlth   ++++++....              (no amulet)
HPRegen 1.00/turn               e - ring of poison resistance
MPRegen 0.15/turn               z - +4 ring of evasion

@: no status effects
A: fangs 3, regeneration 1, magic shield, antimagic bite, no potion heal 2,
clever 1, deformed body, sturdy frame 1
a: Renounce Religion


You were on level 1 of the Lair of Beasts.
You worshipped Xom.
You were a very special plaything of Xom.
You visited 3 branches of the dungeon, and saw 13 of its levels.
You also visited: Bailey.

You collected 1159 gold pieces.
You spent 913 gold pieces at shops.

Inventory:

Hand Weapons
 a - a +1 dagger
 i - a +2 dagger of venom
 k - the +11 dagger of Exoneration (weapon) {chaos, rElec}
   (You found it on level 5 of the Dungeon)

   Each time it hits an enemy it has a different, random effect.
   rElec:     It insulates you from electricity.
 v - a +2 dagger of distortion
Missiles
 o - 2 javelins (quivered)
 H - 6 boomerangs of dispersal
Armour
 b - a +0 robe
 g - a +0 cloak
 l - a +1 helmet
 w - a +2 pair of gloves (worn)
 y - +1 acid dragon scales (worn)
 D - the +1 helmet of the Evening Star (worn) {rPois rF+++ Dex-3 Stlth+}
   (You bought it in a shop on level 1 of the Dungeon)

   Dex:       It affects your dexterity (-3).
   rF:        It renders you almost immune to fire.
   rPois:     It protects you from poison.
   Stlth:     It makes you more stealthy.
 F - the +1 pair of gloves "Ekoo" {Str+6 Dex-2}
   (You bought it in a shop on level 1 of the Dungeon)

   Str:       It affects your strength (+6).
   Dex:       It affects your dexterity (-2).
 G - the +1 cloak "Ososidd" (worn) {Will++}
   (You bought it in a shop on level 1 of the Dungeon)

   Will:      It greatly increases your willpower.
 I - a +2 pair of boots (worn)
Jewellery
 e - a ring of poison resistance (left hand)
 z - a +4 ring of evasion (right hand)
Wands
 p - a wand of flame (51)
 C - a wand of acid (5)
 E - a wand of paralysis (13)
 M - a wand of mindburst (1)
Scrolls
 c - 2 scrolls of enchant weapon
 f - 2 scrolls of teleportation
 q - 2 scrolls of silence
 t - a scroll of butterflies
 B - 2 scrolls of identify
 K - a scroll of amnesia
Potions
 d - 3 potions of curing
 h - 5 potions of cancellation
 m - 2 potions of heal wounds
 n - 3 potions of berserk rage
 r - 3 potions of lignification
 s - 3 potions of brilliance
Miscellaneous
 J - a lightning rod (4/4)


   Skills:
 + Level 6.3 Fighting
 * Level 9.3 Short Blades
 + Level 3.4 Armour
 + Level 6.1 Dodging
 * Level 13.4 Stealth
 + Level 6.9 Unarmed Combat
 - Level 2.1 Spellcasting
 - Level 3.0 Hexes


You had 15 spell levels left.
You didn't know any spells.
Your spell library contained the following spells:

 Spells                   Type           Power      Damage    Failure   Level
 Ensorcelled Hibernation  Hex/Ice        14%        N/A       16%         2
 Confusing Touch          Hex            13%        N/A       17%         3
 Tukima's Dance           Hex            13%        N/A       17%         3
 Apportation              Tloc           4%         N/A       19%         1
 Shock                    Conj/Air       8%         1d3       19%         1
 Summon Small Mammal      Summ           8%         N/A       19%         1
 Dazzling Flash           Conj/Hex       14%        N/A       30%         3
 Summon Guardian Golem    Hex/Summ       7%         N/A       30%         3
 Call Canine Familiar     Summ           2%         N/A       50%         3
 Swiftness                Air            2%         N/A       50%         3
 Fulminant Prism          Conj/Hex       3%         3d6       71%         4
 Airstrike                Air            1%         2d(1-17)  88%         4
 Iskenderun's Mystic Bla  Conj/Tloc      2%         2d3       88%         4
 Alistair's Intoxication  Tmut/Pois      1%         N/A       99%         5
 Lee's Rapid Deconstruct  Erth           1%         3d5*      99%         5
 Conjure Ball Lightning   Conj/Air       1%         3x3d6     100%        6
 Discord                  Hex            6%         N/A       100%        8
 Disjunction              Tloc           1%         N/A       100%        8


Dungeon Overview and Level Annotations

Branches:
Dungeon (11/15)            Temple (1/1) D:5            Lair (1/5) D:11
    Orc (0/2) D:11         Bailey (visited)

Altars:
Ashenzari
Cheibriados
Dithmenos
Elyvilon
Fedhas
Gozag
Hepliaklqana
Kikubaaqudgha
Makhleb
Nemelex Xobeh
Okawaru
Qazlal
Ru
Sif Muna
Trog
Uskayaw
Vehumet
Wu Jian
Xom
Yredelemnul
Zin
The Shining One

Shops:
D:1 [   D:2 *

Annotations:
D:7 2 transporters, exclusion: oklob plant, ytrimaz's ghost, novice FoFi
Lair:1 exclusion: oklob plant


Innate Abilities, Weirdness & Mutations

You have razor-sharp teeth.
Your natural rate of healing is unusually fast.
When hurt, damage is shared between your health and your magic reserves.
Your bite disrupts and absorbs the magic of your enemies.
Potions cannot restore your health.
Your mind is acute. (Int +4, Str/Dex -1)
Armour fits poorly on your strangely shaped body.
Your movements are slightly less encumbered by armour. (ER -2)


Message History

The elephant misses your butterfly.
The elephant trunk-slaps your butterfly.
Your butterfly dies!
Your butterfly disappears in a burst of colours!
The elephant barely misses your butterfly.
The elephant trunk-slaps your butterfly.
Your butterfly dies!
Your butterfly disappears in a burst of colours!
Something tramples your butterfly.
Your butterfly holds its ground!
Your butterfly dies!
Your butterfly disappears in a burst of colours!
You see here a water moccasin corpse.
You puncture the seven-headed hydra!
The seven-headed hydra flickers and vanishes!
Deactivating autopickup; reactivate with Ctrl-A.
You punch something.
Something bites you but does no damage. x3
Something bites you. Something bites you! x2
Something bites you but does no damage.
You barely miss something. You bite something. You drain its power.
You feel invigorated. Something barely misses you. Something bites you! x2
Something bites you. x2; Something completely misses you.
Something bites you!
You puncture something!
Nothing appears to happen.
Your bite misses something. You closely miss something.
Your bite misses something. Something bites you but does no damage.
Something bites you. Something barely misses you. Something bites you.
* * * LOW HITPOINT WARNING * * *
Something bites you.
* * * LOW HITPOINT WARNING * * *
Something bites you.
* * * LOW HITPOINT WARNING * * *
Something completely misses you.
You puncture something! Something bites you but does no damage.
Something completely misses you.
Something bites you but does no damage. x2; Something bites you!
* * * LOW HITPOINT WARNING * * *
Something bites you.
* * * LOW HITPOINT WARNING * * *
Something bites you.
You die... "This toy is broken."

#...####.#....##### **......**,,
#...## ##...b##.######.#...,#P,,
#.P..## ##....bb.......#..,.#.,,
*###...## #...........#.#.♣...#,D
# #....#####..........#.....P#,*
#* ##....## ##.##†..###...~~..#**
.* ##....## ####...##..P.~~..# .#
##....####.#...#..#P...P[# ##
##.......)@......##.P♣♣.#** * ###
##...............#....***,
##.######..............#*...#*,,
#P....# ####.######..###,..P#*,,
*#....## ###### #.##*,......,, *
##...!####.#..####..#........,*
** ##....#......#........PPP,,,**
,** #..<........S.........##,,,,*
,,**###............###.....#,,,,,


There were no monsters in sight!

Vanquished Creatures
  A hydra (D:11)
  4 two-headed ogres
  2 cyclopes (D:11)
  A manticore (D:9)
  An elephant (shapeshifter) (D:4)
  An unseen horror (D:11)
  A komodo dragon (Lair:1)
  2 kobold demonologists (D:9)
  Psyche (D:9)
  A hornet (D:9)
  A vampire (D:10)
  A shadow (D:6)
  3 spriggans (Bailey)
  15 yaks
  A spriggan (shapeshifter) (Lair:1)
  A wraith (D:10)
  A steam dragon (Bailey)
  A redback (shapeshifter) (Lair:1)
  5 water moccasins
  2 acid dragons
  2 orc warriors (D:11)
  A black bear (D:7)
  9 ogres
  A sky beast (D:6)
  4 centaurs
  Blork the orc (D:5)
  4 bullfrogs
  A kobold brigand (D:7)
  3 scorpions
  4 wights (D:7)
  11 killer bees
  2 electric eels
  4 howler monkeys
  4 orc priests
  A gnoll bouda (D:8)
  A jelly (D:6)
  2 hounds
  6 iguanas
  Natasha (thrice) (D:4)
  2 orc wizards
  5 gnolls (D:8)
  8 adders
  A shadow imp (D:6)
  A white imp (D:5)
  An ufetubus (D:5)
  4 worms
  34 orcs
  3 bats
  9 endoplasms
  3 giant cockroaches
  9 goblins
  11 hobgoblins
  11 jackals
  15 kobolds
  4 quokkas
  6 ball pythons
  6 frilled lizards
  11 rats
254 creatures vanquished.

Vanquished Creatures (others)
  2 killer bees (D:9)
  4 fungi (Lair:1)
  21 plants
27 creatures vanquished.

Grand Total: 281 creatures vanquished

Notes
Turn   | Place    | Note
-------+----------+-------------------------------------------
     0 | D:1      | purpskrrrp the Vine Stalker Enchanter began the quest for
                  | the Orb.
     0 | D:1      | Reached XP level 1. HP: 9/9 MP: 4/4
    46 | D:1      | Reached skill level 1 in Short Blades
   379 | D:1      | Reached XP level 2. HP: 13/13 MP: 6/6
   420 | D:1      | Reached skill level 4 in Stealth
   441 | D:1      | Found Jauteuqu's Antique Armour Boutique.
   592 | D:1      | Reached XP level 3. HP: 17/17 MP: 7/7
  1109 | D:2      | Found Watizay's Assorted Antiques.
  1290 | D:2      | Reached skill level 1 in Unarmed Combat
  1405 | D:2      | Found a faded altar of an unknown god.
  1416 | D:2      | Gained mutation: Your natural rate of healing is unusually
                  | fast. [Vine Stalker growth]
  1416 | D:2      | Reached XP level 4. HP: 21/21 MP: 8/8
  1434 | D:2      | Prayed at the altar of an unknown god.
  1434 | D:2      | Became a worshipper of Xom of Chaos
  1444 | D:2      | XOM: silly message
  1517 | D:2      | XOM: divination: detect items
  1717 | D:2      | XOM: cloud trail
  1784 | D:2      | XOM: god gift: cyan potion {god gift}
  1829 | D:3      | Reached skill level 1 in Fighting
  1854 | D:3      | Reached XP level 5. HP: 24/25 MP: 7/9
  1860 | D:3      | XOM: smoke on damage
  1863 | D:3      | Reached skill level 5 in Stealth
  2024 | D:3      | Found a snail-covered altar of Cheibriados.
  2124 | D:3      | XOM: 4-stop teleportation journey
  2545 | D:4      | Noticed a steam dragon
  2549 | D:4      | Noticed a shapeshifter
  2549 | D:4      | a steam dragon changed into a shapeshifter
  2549 | D:4      | XOM: polymorph steam dragon -> shapeshifter
  2549 | D:4      | Noticed a swamp dragon
  2549 | D:4      | a shapeshifter changed into a swamp dragon
  2553 | D:4      | XOM: polymorph butterfly -> shapeshifter
  2556 | D:4      | XOM: summons friendly white imp
  2623 | D:4      | XOM: fog
  2707 | D:4      | XOM: divination: magic mapping
  2984 | D:4      | Noticed Natasha
  2995 | D:4      | Killed Natasha
  3061 | D:4      | Reached XP level 6. HP: 30/30 MP: 10/10
  3270 | D:4      | Noticed a snapping turtle
  3282 | D:4      | Noticed an elephant
  3288 | D:4      | Killed an elephant
  3289 | D:4      | Reached skill level 6 in Stealth
  3289 | D:4      | Reached XP level 7. HP: 25/35 MP: 7/11
  3411 | D:4      | Noticed Natasha
  3422 | D:4      | Killed Natasha
  3428 | D:4      | Found a radiant altar of Vehumet.
  3478 | D:4      | XOM: silly message
  3597 | D:5      | Entered Level 5 of the Dungeon
  3658 | D:5      | Identified the +11 dagger of Exoneration {chaos, rElec}
  3715 | D:5      | Found a staircase to the Ecumenical Temple.
  3753 | D:5      | Noticed Blork the orc
  3762 | D:5      | Killed Blork the orc
  3763 | D:5      | Reached skill level 7 in Stealth
  3810 | D:5      | Gained mutation: You have razor-sharp teeth. [Vine Stalker
                  | growth]
  3810 | D:5      | Reached XP level 8. HP: 39/39 MP: 12/12
  3973 | D:5      | XOM: divination: magic mapping
  3975 | D:5      | Found a white marble altar of Elyvilon.
  4099 | D:5      | Gained mutation: You heal very quickly. [potion of
                  | mutation]
  4131 | Temple   | Entered the Ecumenical Temple
  4490 | D:6      | XOM: butterfly on damage
  4539 | D:6      | XOM: divination: detect creatures
  4972 | D:6      | Reached skill level 8 in Stealth
  4972 | D:6      | XOM: cloud trail
  5224 | D:7      | Reached skill level 5 in Short Blades
  5269 | D:7      | Noticed a shadow
  5270 | D:7      | XOM: confuse monster(s)
  5280 | D:6      | Killed a shadow
  5350 | D:7      | XOM: enchant monster (good)
  5355 | D:7      | Reached XP level 9. HP: 43/44 MP: 13/13
  5391 | D:7      | Noticed an oklob plant
  5396 | D:7      | Found a transporter.
  5402 | D:7      | Noticed ytrimaz's ghost (novice FoFi)
  5431 | D:7      | Found a transporter.
  5441 | D:7      | XOM: cast spell 'Cause Fear'
  5665 | D:7      | XOM: cast spell 'Alistair's Intoxication'
  5669 | D:7      | XOM: enchant monster (good)
  5671 | D:7      | Reached skill level 9 in Stealth
  5720 | D:7      | Found a broken altar of Ashenzari.
  5721 | D:7      | Found a sparkling altar of Nemelex Xobeh.
  5723 | D:7      | Found an ancient bone altar of Kikubaaqudgha.
  5723 | D:7      | Found a basalt altar of Yredelemnul.
  5725 | D:7      | Found an opulent altar of Gozag.
  5726 | D:7      | Found a stormy altar of Qazlal.
  5766 | D:7      | XOM: divination: detect creatures
  5778 | D:7      | Found a flagged portal.
  5785 | Bailey   | Entered a bailey
  5843 | Bailey   | Noticed a two-headed ogre
  5847 | Bailey   | Reached skill level 10 in Stealth
  5954 | Bailey   | Reached skill level 5 in Unarmed Combat
  5954 | Bailey   | Reached XP level 10. HP: 51/51 MP: 10/14
  5966 | Bailey   | Killed a two-headed ogre
  6425 | D:4      | Noticed Natasha
  6434 | D:4      | Killed Natasha
  6452 | D:3      | XOM: divination: detect items
  6523 | D:1      | Bought a distressingly furry helmet for 247 gold pieces
  6523 | D:1      | Identified the +1 helmet of the Evening Star {rPois rF+++
                  | Dex-3 Stlth+} (You bought it in a shop on level 1 of the
                  | Dungeon)
  6683 | D:7      | XOM: give mutations
  6683 | D:7      | Gained mutation: You are somewhat resistant to further
                  | mutation. [Xom's grace]
  6683 | D:7      | Gained mutation: Your flesh is cold resistant. (rC+) [Xom's
                  | grace]
  6683 | D:7      | Gained mutation: Your system is resistant to poisons.
                  | (rPois) [Xom's grace]
  6797 | D:8      | Noticed a two-headed ogre
  6806 | D:8      | Killed a two-headed ogre
  6807 | D:8      | Reached skill level 11 in Stealth
  7229 | D:8      | Reached skill level 5 in Fighting
  7232 | D:8      | Reached skill level 5 in Dodging
  7252 | D:8      | XOM: divination: detect items
  7468 | D:8      | Reached skill level 1 in Armour
  7479 | D:8      | XOM: cast spell 'Dispersal'
  7587 | D:9      | Identified the +7 war axe of Gaacs {vorpal, Str-2 Int+6
                  | Dex+5}
  7589 | D:9      | XOM: give mutation
  7589 | D:9      | Gained mutation: You possess an exceptional clarity of
                  | mind. [Xom's grace]
  7617 | D:9      | Noticed a manticore
  7620 | D:9      | XOM: cleaving
  7627 | D:9      | Killed a manticore
  7692 | D:9      | XOM: god gift: potion of mutation
  7730 | D:9      | XOM: polymorph killer bee -> adder
  7742 | D:9      | XOM: 2-stop teleportation journey
  7804 | D:9      | XOM: destruction
  7910 | D:9      | Noticed a kobold demonologist
  7914 | D:9      | Killed a kobold demonologist
  7915 | D:9      | Noticed a kobold demonologist
  7925 | D:9      | Killed a kobold demonologist
  7926 | D:9      | Reached XP level 11. HP: 54/56 MP: 15/15
  8050 | D:9      | XOM: summons 6 hostile demons
  8051 | D:9      | Noticed a sun demon
  8307 | D:9      | Noticed Psyche
  8314 | D:9      | Killed Psyche
  8315 | D:9      | Reached skill level 12 in Stealth
  8506 | D:10     | Entered Level 10 of the Dungeon
  8534 | D:10     | XOM: god gift: 589 gold pieces
  8601 | D:6      | XOM: scenery: 1 doors close
  8737 | D:1      | Bought a pair of encrusted gloves for 247 gold pieces
  8737 | D:1      | Identified the +1 pair of gloves "Ekoo" {Str+6 Dex-2} (You
                  | bought it in a shop on level 1 of the Dungeon)
  8737 | D:1      | Bought a heavily runed cloak for 247 gold pieces
  8737 | D:1      | Identified the +1 cloak "Ososidd" {Will++} (You bought it
                  | in a shop on level 1 of the Dungeon)
  8773 | D:1      | XOM: god gift: 6 boomerangs of dispersal
  8838 | D:2      | Bought a pair of glowing boots for 172 gold pieces
  9073 | D:10     | XOM: give mutations
  9073 | D:10     | Gained mutation: You have sharp toenails. [Xom's grace]
  9073 | D:10     | Gained mutation: You expend magic power (3 MP) to
                  | strengthen your wands. [Xom's grace]
  9073 | D:10     | Gained mutation: You are agile. (Dex +4, Str/Int -1) [Xom's
                  | grace]
  9211 | D:10     | XOM: enchant monster (good)
  9491 | D:10     | Found a shimmering blue altar of Sif Muna.
  9619 | D:11     | Found a staircase to the Orcish Mines.
  9675 | D:11     | Found a staircase to the Lair.
  9730 | D:11     | Noticed a cyclops
  9731 | D:11     | Noticed a cyclops
  9733 | D:11     | XOM: summons friendly crimson imp
  9735 | D:11     | Killed a cyclops
  9744 | D:11     | Killed a cyclops
  9795 | D:11     | Found a stormy altar of Qazlal.
  9819 | D:11     | XOM: divination: detect creatures
  9883 | D:11     | Noticed a seven-headed hydra
  9883 | D:11     | Noticed a two-headed ogre
  9905 | D:11     | XOM: butterfly on damage
  9954 | D:11     | XOM: give mutations
  9954 | D:11     | Gained mutation: You occasionally lose the ability to read
                  | scrolls when taking damage. [Xom's mischief]
  9954 | D:11     | Lost mutation: You heal very quickly. [Xom's mischief]
  9954 | D:11     | Lost mutation: You expend magic power (3 MP) to strengthen
                  | your wands. [Xom's mischief]
  9955 | D:11     | XOM: noise
 10013 | D:11     | Noticed a two-headed ogre
 10015 | D:11     | Killed a two-headed ogre
 10017 | D:11     | XOM: give mutations
 10017 | D:11     | Gained mutation: Armour fits poorly on your strangely
                  | shaped body. [Xom's mischief]
 10017 | D:11     | Lost mutation: You are somewhat resistant to further
                  | mutation. [Xom's mischief]
 10017 | D:11     | Lost mutation: You are agile. (Dex +4, Str/Int -1) [Xom's
                  | mischief]
 10065 | D:11     | XOM: noise
 10070 | D:11     | XOM: swap monsters
 10070 | D:11     | Killed a seven-headed hydra
 10111 | D:11     | Killed a two-headed ogre
 10112 | D:11     | Reached skill level 13 in Stealth
 10221 | D:11     | XOM: swap monsters
 10228 | D:11     | XOM: smoke on damage
 10229 | D:11     | XOM: silly message
 10372 | Lair:1   | Entered Level 1 of the Lair of Beasts
 10399 | Lair:1   | Noticed a six-headed hydra
 10402 | Lair:1   | Noticed a seven-headed hydra
 10402 | Lair:1   | Noticed an oklob plant
 10403 | Lair:1   | Found the +1 robe of Vines {NoPotionHeal Regen++++}
 10443 | Lair:1   | XOM: give mutations
 10443 | Lair:1   | Gained mutation: You are frail. (-10% HP) [Xom's mischief]
 10443 | Lair:1   | Lost mutation: You are frail. (-10% HP) [Xom's mischief]
 10443 | Lair:1   | Lost mutation: You possess an exceptional clarity of mind.
                  | [Xom's mischief]
 10510 | Lair:1   | XOM: give mutations
 10510 | Lair:1   | Gained mutation: Your muscles are strong. (Str +4, Int/Dex
                  | -1) [Xom's mischief]
 10510 | Lair:1   | Lost mutation: You occasionally lose the ability to read
                  | scrolls when taking damage. [Xom's mischief]
 10511 | Lair:1   | Lost mutation: Your system is resistant to poisons. (rPois)
                  | [potion of mutation]
 10511 | Lair:1   | Lost mutation: Your muscles are strong. (Str +4, Int/Dex
                  | -1) [potion of mutation]
 10511 | Lair:1   | Gained mutation: Your movements are slightly less
                  | encumbered by armour. (ER -2) [potion of mutation]
 10512 | Lair:1   | Lost mutation: Your flesh is cold resistant. (rC+) [potion
                  | of mutation]
 10512 | Lair:1   | Lost mutation: You have sharp toenails. [potion of
                  | mutation]
 10512 | Lair:1   | Gained mutation: Your mind is acute. (Int +4, Str/Dex -1)
                  | [potion of mutation]
 10522 | Lair:1   | XOM: polymorph yak -> shapeshifter
 10548 | Lair:1   | XOM: divination: detect creatures
 10560 | Lair:1   | Noticed a mana viper
 10560 | Lair:1   | a tarantella changed into a mana viper
 10596 | Lair:1   | XOM: noise
 10612 | Lair:1   | Reached XP level 12. HP: 61/61 MP: 16/16
 10634 | Lair:1   | XOM: swap monsters
 10646 | Lair:1   | XOM: enchant monster (bad)
 10653 | Lair:1   | XOM: butterfly on damage
 10781 | Lair:1   | XOM: confuse monster(s)
 10817 | Lair:1   | Slain by a seven-headed hydra

Illustrated notes

Levels and vault maps discovered:
D:1:      onia_arrival_pyramid, layout_loops_ring, serial_shops,
          nicolae_shop_overgrown_old_shop
D:2:      layout_loops_ring, serial_shops, nicolae_shop_waterfront,
          ebering_ecumenical_altar_sacrificial
D:3:      layout_basic, cheibrodos_worm_habitat
D:4:      layout_loops_corners, kennysheep_mini, nicolae_ossuary_entry_ruins,
          uniq_natasha
D:5:      layout_rooms, mainiacjoe_overflow_surrounded_room,
          minmay_temple_entry_statues, uniq_blork_the_orc
D:6:      layout_basic, serial_co_window_serial, co_window_paths_a,
          co_window_of_opportunity_a, co_window_of_opportunity_a,
          co_window_of_opportunity_a, co_window_paths_b, co_window_corner_a,
          co_window_of_opportunity_a, co_window_corner_b, co_window_broadway_a,
          co_window_corner_ca, glass_columns_a, glass_columns_c, fountainhead
D:7:      layout_basic, grunt_temple_overflow_open, nzn_ghost_randoct,
          enter_bailey_4
D:8:      layout_loops_corners
D:9:      layout_basic, uniq_psyche
D:10:     layout_small_grid, kennysheep_little_box, nrook_mini_vaults,
          nrook_campfire
D:11:     layout_roguey, dpeg_oklobed_lair, minmay_orc_entry_temple_small,
          nicolae_qazlal_general_emergency
Temple:   nicolae_temple_hex_pool
Lair:1:   layout_concentric_octagons, hellmonk_guarded_unrand_vines,
          serial_bayou_shore_b, infiniplex_staircase_pool

Skill      XL: |  1  2  3  4  5  6  7  8  9 10 11 |
---------------+----------------------------------+-----
Short Blades   | 1 2 3 4 5 6 8 9 |  9.3
Stealth        | 4 5 6 7 8 10 11 13 | 13.4
Unarmed Combat | 1 2 3 4 5 6 |  6.9
Dodging        | 2 3 4 5 6 |  6.1
Fighting       | 1 2 3 4 5 6 |  6.3
Armour         | 1 3 |  3.4
Spellcasting   | |  2.1
Hexes          | |  3.0

Action                   |  1- 3 |  4- 6 |  7- 9 | 10-12 || total
-------------------------+-------+-------+-------+-------++-------
Melee: Dagger            |    93 |   142 |   147 |   308 ||   690
       Bite              |    20 |    38 |    32 |   108 ||   198
       Punch             |     1 |     1 |     4 |    18 ||    24
Throw: Javelin           |       |       |     2 |     2 ||     4
  Use: Scroll            |       |    11 |     5 |    15 ||    31
       Potion            |       |     4 |     1 |     8 ||    13
 Stab: Sleeping          |    14 |    11 |    16 |    24 ||    65
       Distracted        |     1 |       |       |     1 ||     2
       Invisible         |       |     2 |       |     2 ||     4
       Paralysed         |       |       |     1 |     1 ||     2
       Petrifying        |       |       |     1 |       ||     1
       Confused          |       |       |       |     1 ||     1
Armor: Robe              |    13 |    46 |    24 |       ||    83
       Acid dragon scale |       |       |       |   103 ||   103
Dodge: Dodged            |    46 |    92 |    77 |   229 ||   444

Table legend: (Time is in decaauts)
 A = Elapsed time spent in this place.
 B = Non-inter-level travel time spent in this place.
 C = Inter-level travel time spent in this place.
 D = Time resting spent in this place.
 E = Time spent auto-exploring this place.
 F = Levels seen in this place.
 G = Mean time per level.
                   A        B        C        D        E       F      G
               +--------+--------+--------+--------+--------+-----+--------+
         Total |  10627 |   9331 |   1296 |    588 |   6526 |  14 |  759.1 |
       Dungeon |   9867 |   8589 |   1278 |    458 |   6288 |  11 |  897.0 |
        Temple |     78 |     78 |      0 |      0 |     61 |   1 |   78.0 |
          Lair |    409 |    391 |     18 |    103 |    113 |   1 |  409.0 |
        Bailey |    272 |    272 |      0 |     27 |     63 |   1 |  272.0 |
               +--------+--------+--------+--------+--------+-----+--------+

Top non-repeatable levels by time:
     D:1: 1322 daAuts
     D:4: 1217 daAuts
     D:6: 1147 daAuts
     D:9: 948 daAuts
     D:7: 887 daAuts
     D:8: 864 daAuts
     D:2: 828 daAuts
     D:3: 743 daAuts
    D:11: 677 daAuts
    D:10: 647 daAuts
     D:5: 581 daAuts
  Lair:1: 409 daAuts
  Bailey: 272 daAuts
  Temple: 78 daAuts
